SL
JACKSON GENERALS @ MISSISSIPPI BRAVES
05/22/2099
 
TOP OF THE 1ST
Jackson Generals batting - Pitching for Mississippi Braves : RHP Frank Davila
Pitching: RHP Frank Davila
Batting: LHB Manuel Sanchez 0-0: Ball
1-0: Swinging Strike
1-1: Ball
2-1: Hit by Pitch
Batting: LHB Carlos Rivera 0-0: Ball
1-0: Ball
2-0: Ground out 4-3 (Groundball, 34D, EV 98.1 MPH)
Manuel Sanchez to second
Batting: RHB Janani Sulaiman 0-0: Called Strike
0-1: Ground out 5-3 (Groundball, 56, EV 83.8 MPH)
Batting: LHB Matt Hicks 0-0: Foul Ball, location: 7LDF
0-1: Foul Ball, location: 2F
0-2: Strikes out swinging, 2-3 out at first.
Top of the 1st over - 0 runs, 0 hits, 0 errors, 1 left on base; Jackson 0 - Mississippi 0
BOTTOM OF THE 1ST
Mississippi Braves batting - Pitching for Jackson Generals : RHP Chad Barcik
Pitching: RHP Chad Barcik
Batting: SHB Alex Beltran 0-0: Ball
1-0: Ground out 5-3 (Groundball, 5, EV 102.5 MPH)
Batting: RHB Daniel Roach 0-0: Ball
1-0: Ball
2-0: Ball
3-0: Called Strike
3-1: Foul Ball, location: 5F
3-2: Strikes out swinging
Batting: RHB Rick Gray 0-0: Ball
1-0: DOUBLE (Line Drive, 78D, EV 104.4 MPH)
Batting: LHB Chris Gill 0-0: Ball
1-0: Ball
2-0: Swinging Strike
2-1: Ball
3-1: SINGLE (Groundball, 4MD, EV 96.3 MPH)
Rick Gray to third
Runner from 3rd tries for Home, SAFE, throw by CF to home
Batting: RHB Lenny Murdoch 0-0: Hit by Pitch
Chris Gill to second
Batting: RHB Jess Bow 0-0: Called Strike
0-1: Foul Ball, location: 7LSF
0-2: Strikes out swinging
Bottom of the 1st over - 1 run, 2 hits, 0 errors, 2 left on base; Jackson 0 - Mississippi 1
TOP OF THE 2ND
Jackson Generals batting - Pitching for Mississippi Braves : RHP Frank Davila
Batting: RHB Raul Castro 0-0: Called Strike
0-1: Swinging Strike
0-2: Strikes out swinging
Batting: LHB Ken Coots 0-0: Called Strike
0-1: Foul Ball, location: 7LSFF
0-2: Ball
1-2: Foul Ball, location: 5DF
1-2: Ball
2-2: Strikes out swinging
Batting: RHB Craig Ballinger 0-0: SINGLE (Line Drive, 89M, EV 88.1 MPH)
Pitching: RHP Brian Sells
Batting: LHB Brett Van Slooten 0-0: Swinging Strike
0-1: Ball
1-1: Ball
2-1: Ball
3-1: Foul Ball, location: 2F
3-2: Ground out 5-3 (Groundball, 56S, EV 80.6 MPH)
Top of the 2nd over - 0 runs, 1 hit, 0 errors, 1 left on base; Jackson 0 - Mississippi 1
BOTTOM OF THE 2ND
Mississippi Braves batting - Pitching for Jackson Generals : RHP Chad Barcik
Batting: LHB Alex Quinones 0-0: Called Strike
0-1: Called Strike
0-2: Ball
1-2: Ball
2-2: Foul Ball, location: 9LMF
2-2: Ball
3-2: Base on Balls
Batting: RHB Brian Brown 0-0: Ball
1-0: Foul Ball, location: 9LMF
1-1: Ball
2-1: Called Strike
2-2: 2-RUN HOME RUN (Flyball, 7LD, EV 98.1 MPH), Distance : 343 ft
Batting: RHB Joe Ham 0-0: Ground out 6-3 (Groundball, 6, EV 90.6 MPH)
Batting: SHB Alex Beltran 0-0: Ground out 6-3 (Groundball, 6, EV 96.3 MPH)
Batting: RHB Daniel Roach 0-0: Ball
1-0: SINGLE (Groundball, 6, EV 77.5 MPH)
Batting: RHB Rick Gray 0-0: Ball
1-0: Ball
2-0: Called Strike
2-1: Ball
Daniel Roach steals 2nd base
3-1: Ground out 6-3 (Groundball, 6M, EV 86.9 MPH)
Bottom of the 2nd over - 2 runs, 2 hits, 0 errors, 1 left on base; Jackson 0 - Mississippi 3
TOP OF THE 3RD
Jackson Generals batting - Pitching for Mississippi Braves : RHP Brian Sells
Batting: SHB Braeden Wilson 0-0: Foul Ball, location: 7LMF
0-1: Called Strike
0-2: Fly out, F5 (Popup, 56S, EV 74.4 MPH)
Batting: LHB Manuel Sanchez 0-0: Ball
1-0: Swinging Strike
1-1: Ball
2-1: Called Strike
2-2: Ball
3-2: Base on Balls
Batting: LHB Carlos Rivera 0-0: Fly out, F2 (Popup, 2LF, EV 89.4 MPH)
Batting: RHB Janani Sulaiman 0-0: Called Strike
Manuel Sanchez steals 2nd base
0-1: Ball
1-1: SINGLE (Flyball, 5D, EV 88.8 MPH)
Manuel Sanchez to third
Runner from 3rd tries for Home, SAFE, throw by LF to home
Janani Sulaiman to second
Batting: LHB Matt Hicks 0-0: Called Strike
0-1: Ground out 4-3 (Groundball, 34, EV 90.6 MPH)
Top of the 3rd over - 1 run, 1 hit, 0 errors, 1 left on base; Jackson 1 - Mississippi 3
BOTTOM OF THE 3RD
Mississippi Braves batting - Pitching for Jackson Generals : RHP Chad Barcik
Batting: LHB Chris Gill 0-0: Swinging Strike
0-1: Ball
1-1: Called Strike
1-2: Ball
2-2: Ball
3-2: Base on Balls
Batting: RHB Lenny Murdoch 0-0: Called Strike
0-1: Ball
1-1: Called Strike
1-2: Ball
2-2: Fly out, F6 (Popup, 6, EV 58.8 MPH)
Batting: RHB Jess Bow 0-0: Called Strike
0-1: Ball
1-1: Foul Ball, location: 2F
1-2: Grounds into double play, 6-4-3 (Groundball, 6M, EV 85.6 MPH)
Bottom of the 3rd over - 0 runs, 0 hits, 0 errors, 0 left on base; Jackson 1 - Mississippi 3
TOP OF THE 4TH
Jackson Generals batting - Pitching for Mississippi Braves : RHP Brian Sells
Batting: RHB Raul Castro 0-0: Ball
1-0: Ball
2-0: Called Strike
2-1: Fly out, F4 (Popup, 34S, EV 85.6 MPH)
Batting: LHB Ken Coots 0-0: Swinging Strike
0-1: Foul Ball, location: 7LSF
0-2: Foul Ball, location: 9LDF
0-2: Ball
1-2: Ball
2-2: SINGLE (Groundball, 34D, EV 103.8 MPH)
Batting: RHB Craig Ballinger 0-0: Ball
Ken Coots is caught stealing 2nd base 2-4
1-0: Swinging Strike
1-1: Swinging Strike
1-2: Foul Ball, location: 5F
1-2: Ball
2-2: Fly out, F9 (Line Drive, 89M, EV 90.0 MPH)
Top of the 4th over - 0 runs, 1 hit, 0 errors, 0 left on base; Jackson 1 - Mississippi 3
BOTTOM OF THE 4TH
Mississippi Braves batting - Pitching for Jackson Generals : RHP Chad Barcik
Batting: LHB Alex Quinones 0-0: Ball
1-0: Swinging Strike
1-1: Ball
2-1: Foul Ball, location: 7LDF
2-2: Ball
3-2: Foul Ball, location: 25F
3-2: Base on Balls
Batting: RHB Brian Brown 0-0: Ground out 6-3 (Groundball, 6, EV 70.0 MPH)
Alex Quinones to second
Batting: RHB Joe Ham 0-0: Called Strike
0-1: Fly out, F8 (Flyball, 8RD, EV 91.9 MPH)
Batting: SHB Alex Beltran 0-0: Called Strike
0-1: Ball
1-1: Foul Ball, location: 3DF
1-2: Ball
2-2: Foul Ball, location: 2F
2-2: Ground out 6-3 (Groundball, 6, EV 80.0 MPH)
Bottom of the 4th over - 0 runs, 0 hits, 0 errors, 1 left on base; Jackson 1 - Mississippi 3
TOP OF THE 5TH
Jackson Generals batting - Pitching for Mississippi Braves : RHP Brian Sells
Batting: LHB Brett Van Slooten 0-0: DOUBLE (Line Drive, 7LM, EV 86.9 MPH)
Batting: SHB Braeden Wilson 0-0: Ball
1-0: Ball
2-0: Fly out, F9 (Flyball, 89M, EV 95.0 MPH)
Batting: LHB Manuel Sanchez 0-0: Called Strike
0-1: Ball
1-1: Called Strike
1-2: Strikes out swinging
Batting: LHB Carlos Rivera 0-0: Swinging Strike
0-1: Ball
1-1: Ball
2-1: Foul Ball, location: 5F
2-2: Foul Ball, location: 5FF
2-2: Fly out, F9 (Flyball, 9LS, EV 91.9 MPH)
Top of the 5th over - 0 runs, 1 hit, 0 errors, 1 left on base; Jackson 1 - Mississippi 3
BOTTOM OF THE 5TH
Mississippi Braves batting - Pitching for Jackson Generals : RHP Chad Barcik
Batting: RHB Daniel Roach 0-0: SINGLE (Line Drive, 9LS, EV 103.1 MPH)
Batting: RHB Rick Gray 0-0: Called Strike
Daniel Roach steals 2nd base
0-1: Called Strike
0-2: Hit by Pitch
Batting: LHB Chris Gill 0-0: Hit by Pitch
Daniel Roach to third
Rick Gray to second
Batting: RHB Lenny Murdoch 0-0: Ball
1-0: Ball
2-0: Single, Error in OF, E8, batter to second base (Groundball, 6MD, EV 106.3 MPH)
Daniel Roach scores
Rick Gray scores
Chris Gill to third
Pitching: LHP Craig MacLean
Batting: RHB Jess Bow 0-0: Ball
1-0: Foul Ball, location: 9LDF
1-1: Ball
2-1: Fly out, F8 (Line Drive, 78D, EV 110.6 MPH)
Runner from 3rd tags up, SCORES, no throw by CF
Batting: LHB Alex Quinones 0-0: Foul Ball, location: 2F
0-1: Ball
1-1: Ball
2-1: Foul Ball, location: 7LMF
2-2: DOUBLE (Groundball, 3L, EV 105.6 MPH)
Lenny Murdoch scores
Batting: RHB Brian Brown 0-0: Foul Ball, location: 7LSF
0-1: Called Strike
0-2: Foul Ball, location: 7LDF
0-2: Ball
1-2: Ball
2-2: Ball
3-2: Fly out, F7 (Flyball, 78S, EV 88.8 MPH)
Batting: RHB Joe Ham 0-0: Called Strike
0-1: Ball
1-1: Fly out, F9 (Flyball, 9, EV 91.3 MPH)
Bottom of the 5th over - 4 runs, 3 hits, 1 error, 1 left on base; Jackson 1 - Mississippi 7
TOP OF THE 6TH
Jackson Generals batting - Pitching for Mississippi Braves : RHP Brian Sells
Batting: RHB Janani Sulaiman 0-0: Ball
1-0: Ball
2-0: Foul Ball, location: 9LMF
2-1: Ground out 4-3 (Groundball, 4, EV 91.3 MPH)
Batting: LHB Matt Hicks 0-0: Called Strike
0-1: Swinging Strike
0-2: Ball
1-2: Foul Ball, location: 2LF
1-2: Strikes out swinging, 2-3 out at first.
Batting: RHB Raul Castro 0-0: Called Strike
0-1: Ball
1-1: Foul Ball, location: 2F
1-2: Fly out, F9 (Flyball, 9, EV 73.1 MPH)
Top of the 6th over - 0 runs, 0 hits, 0 errors, 0 left on base; Jackson 1 - Mississippi 7
BOTTOM OF THE 6TH
Mississippi Braves batting - Pitching for Jackson Generals : LHP Craig MacLean
Batting: SHB Alex Beltran 0-0: Called Strike
0-1: Foul Ball, location: 3F
0-2: Ball
1-2: Foul Ball, location: 2F
1-2: Strikes out swinging
Batting: RHB Daniel Roach 0-0: Ball
1-0: Ball
2-0: Ball
3-0: Called Strike
3-1: Foul Ball, location: 3SF
3-2: Foul Ball, location: 3FF
3-2: Base on Balls
Batting: RHB Rick Gray 0-0: Called Strike
0-1: DOUBLE (Flyball, 8LD, EV 110.6 MPH)
Daniel Roach to third
Batting: LHB Chris Gill 0-0: Ball
1-0: Ball
2-0: Swinging Strike
2-1: Foul Ball, location: 2F
2-2: Strikes out swinging
Batting: RHB Lenny Murdoch 0-0: Fly out, F9 (Line Drive, 89D, EV 92.5 MPH)
Bottom of the 6th over - 0 runs, 1 hit, 0 errors, 2 left on base; Jackson 1 - Mississippi 7
TOP OF THE 7TH
Jackson Generals batting - Pitching for Mississippi Braves : RHP Brian Sells
Batting: LHB Ken Coots 0-0: Swinging Strike
0-1: Fly out, F9 (Flyball, 89S, EV 98.8 MPH)
Batting: RHB Craig Ballinger 0-0: Foul Ball, location: 2F
0-1: Fly out, F8 (Flyball, 8LXD, EV 96.9 MPH)
Batting: LHB Brett Van Slooten 0-0: Called Strike
0-1: Ball
1-1: Ball
2-1: Foul Ball, location: 7LSF
2-2: Strikes out swinging
Top of the 7th over - 0 runs, 0 hits, 0 errors, 0 left on base; Jackson 1 - Mississippi 7
BOTTOM OF THE 7TH
Mississippi Braves batting - Pitching for Jackson Generals : LHP Craig MacLean
Batting: RHB Jess Bow 0-0: Ball
1-0: Called Strike
1-1: Ball
2-1: Swinging Strike
2-2: Foul Ball, location: 3DF
2-2: Foul Ball, location: 2F
2-2: Ball
3-2: Base on Balls
Pitching: RHP Conor Rintala
Batting: LHB Alex Quinones 0-0: Ball
1-0: Foul Ball, location: 3FF
1-1: Fly out, F8 (Flyball, 8RD, EV 98.8 MPH)
Batting: RHB Brian Brown 0-0: Foul Ball, location: 2F
0-1: Ball
1-1: Grounds into double play, 4-6-3 (Groundball, 34, EV 97.5 MPH)
Bottom of the 7th over - 0 runs, 0 hits, 0 errors, 0 left on base; Jackson 1 - Mississippi 7
TOP OF THE 8TH
Jackson Generals batting - Pitching for Mississippi Braves : RHP Brian Sells
Batting: SHB Braeden Wilson 0-0: Foul Ball, location: 7LDF
0-1: Ball
1-1: Ball
2-1: Ball
3-1: Called Strike
3-2: Base on Balls
Batting: LHB Manuel Sanchez 0-0: Called Strike
0-1: Foul Ball, location: 2F
0-2: Ball
1-2: Fly out, F7 (Flyball, 7LM, EV 90.0 MPH)
Batting: LHB Carlos Rivera 0-0: Called Strike
0-1: Ball
1-1: Called Strike
1-2: Ball
2-2: DOUBLE (Line Drive, 3D, EV 68.8 MPH)
Braeden Wilson to third
Runner from 3rd tries for Home, SAFE, no throw by RF
Batting: RHB Janani Sulaiman 0-0: Ball
1-0: Ball
2-0: Called Strike
2-1: Foul Ball, location: 5F
2-2: Foul Ball, location: 9LMF
2-2: Foul Ball, location: 3F
2-2: Ball
3-2: Base on Balls
Batting: LHB Matt Hicks 0-0: Swinging Strike
0-1: SINGLE (Line Drive, 89S, EV 102.5 MPH)
Carlos Rivera to third
Janani Sulaiman to second
Runner from 3rd tries for Home, SAFE, throw by CF to home
Batting: RHB Raul Castro 0-0: Ball
1-0: Fly out, F4 (Popup, 4S, EV 67.5 MPH)
Batting: LHB Ken Coots 0-0: Ground out 4-3 (Groundball, 4, EV 96.9 MPH)
Top of the 8th over - 2 runs, 2 hits, 0 errors, 2 left on base; Jackson 3 - Mississippi 7
BOTTOM OF THE 8TH
Mississippi Braves batting - Pitching for Jackson Generals : RHP Conor Rintala
Batting: RHB Joe Ham 0-0: Ball
1-0: Called Strike
1-1: Foul Ball, location: 3F
1-2: Foul Ball, location: 3DF
1-2: Strikes out swinging, 2-3 out at first.
Batting: SHB Alex Beltran 0-0: Foul Ball, location: 7LMF
0-1: Foul Ball, location: 7LSF
0-2: Ball
1-2: Ball
2-2: Foul Ball, location: 2F
2-2: SINGLE (Flyball, 8LS, EV 98.1 MPH)
Batting: RHB Daniel Roach 0-0: Ball
1-0: Ball
2-0: Called Strike
2-1: Swinging Strike
Passed Ball!
Alex Beltran to second
2-2: Foul Ball, location: 9LDF
2-2: Ground out 5-3 (Groundball, 56, EV 105.0 MPH)
Batting: RHB Rick Gray 0-0: SINGLE (Line Drive, 8RS, EV 108.1 MPH)
Alex Beltran to third
Runner from 3rd tries for Home, SAFE, throw by CF to home
Batting: LHB Chris Gill 0-0: Swinging Strike
0-1: Called Strike
Rick Gray steals 2nd base
0-2: Ball
1-2: Strikes out swinging
Bottom of the 8th over - 1 run, 2 hits, 0 errors, 1 left on base; Jackson 3 - Mississippi 8
TOP OF THE 9TH
Jackson Generals batting - Pitching for Mississippi Braves : RHP Brian Sells
Batting: RHB Craig Ballinger 0-0: Foul Ball, location: 2F
0-1: Foul Ball, location: 2F
0-2: Strikes out swinging
Batting: LHB Brett Van Slooten 0-0: Ball
1-0: Ball
2-0: Ball
3-0: Called Strike
3-1: Base on Balls
Pitching: RHP Rino Antonucci
Batting: SHB Braeden Wilson 0-0: Ball
1-0: Ball
2-0: Foul Ball, location: 3F
2-1: Ball
3-1: DOUBLE (Flyball, 8RXD, EV 99.4 MPH)
Brett Van Slooten to third
Batting: LHB Manuel Sanchez 0-0: Fly out, F9 (Line Drive, 9, EV 87.5 MPH)
Batting: LHB Carlos Rivera 0-0: Called Strike
0-1: Ball
1-1: Ball
2-1: Foul Ball, location: 7LMF
2-2: Fly out, F9 (Flyball, 9D, EV 82.5 MPH)
Top of the 9th over - 0 runs, 1 hit, 0 errors, 2 left on base; Jackson 3 - Mississippi 8
Tuesday, May 7th , 2024 - OOTP Baseball 24.11 Build 85